 Dungeon Crawl Stone Soup version 0.23.1 (webtiles) character file.

Game seed: 18108641699971605314

3101 Borgoz the Grappler (level 9, -3/75 HPs)
             Began as a Ghoul Monk on Mar 7, 2019.
             Was a Believer of Ashenzari.
             Slain by an orc warrior
             ... wielding a +0 halberd
              (18 damage)
             ... on level 7 of the Dungeon.
             The game lasted 00:12:14 (6778 turns).

Borgoz the Grappler (Ghoul Monk)                    Turns: 6778, Time: 00:12:15

Health: -3/75      AC:  8    Str: 14 (15) XL:     9   Next: 90%
Magic:  11/11      EV: 13    Int:  5 (7)  God:    Ashenzari [**....]
Gold:   405        SH:  4    Dex:  9 (12) Spells: 9/12 levels left

rFire    . . .     SeeInvis .     - Unarmed
rCold    + . .     Gourm    .   (no shield)
rNeg     + + +     Faith    .   h - +0 leather armour
rPois    ∞         Spirit   .   l - +2 helmet (curse)
rElec    .         Reflect  +   m - +0 cloak
rCorr    .         Harm     .   (no gloves)
MR       .....                  (no boots)
Stlth    +.........             j - +4 amulet of reflection
HPRegen  0.00/turn              (no ring)
MPRegen  0.12/turn              (no ring)

@: about to teleport, rotting
A: rotting body, claws 1, carnivore, cold resistance 1, negative energy
resistance 3, inhibited regeneration, torment resistance, unbreathing
a: Curse Item, Scrying, Renounce Religion


You were on level 7 of the Dungeon.
You worshipped Ashenzari.
Ashenzari was pleased with you.
You were not hungry.

You visited 2 branches of the dungeon, and saw 8 of its levels.

You collected 405 gold pieces.

Inventory:

Hand Weapons
 s - a +0 dagger of holy wrath
 t - a +2 dagger of flaming
Missiles
 p - 9 tomahawks (quivered)
Armour
 h - a +0 leather armour (worn)
 l - a cursed +2 helmet (worn)
 m - a +0 cloak (worn)
Jewellery
 j - a +4 amulet of reflection (around neck)
 u - an uncursed ring of flight
 z - the amulet "Lurasyi" {Harm *Drain Str+4}
   (You found it on level 7 of the Dungeon)

   [amulet of harm]

   It increases damage dealt and taken.
   It affects your strength (+4).
   It causes draining when unequipped.
Wands
 a - a wand of digging (7)
 o - a wand of flame (6)
 r - a wand of acid (5)
 y - a wand of iceblast (4)
Scrolls
 d - a scroll of amnesia
 f - 4 scrolls of remove curse
 g - 4 scrolls of identify
 i - 2 scrolls of teleportation
 k - 4 scrolls of blinking
 q - a scroll of fog
 v - a scroll of enchant weapon {unknown}
 w - 3 scrolls of enchant armour {unknown}
 x - a scroll of immolation {unknown}
Potions
 c - 2 potions of magic
 e - a potion of curing
Comestibles
 b - 9 rations


   Skills:
 + Level 6.2 Fighting
 * Level 5.9 Armour
 + Level 5.3 Dodging
 - Level 2.1 Stealth
 * Level 8.2 Unarmed Combat
 + Level 2.3 Spellcasting
 + Level 2.3 Conjurations
 + Level 2.4 Air Magic
 + Level 2.9 Poison Magic


You had 9 spell levels left.
You knew the following spells:

 Your Spells              Type           Power        Failure   Level  Hunger
a - Mephitic Cloud        Conj/Pois/Air  #.......     47%         3    ####...

Your spell library contained the following spells:

 Spells                   Type           Power        Failure   Level  Hunger
 Sting                    Conj/Pois      #...         17%         1    ##.....
 Ice Form                 Ice/Tmut       Unusable     N/A         4    N/A
 Hydra Form               Tmut           Unusable     N/A         6    N/A

Dungeon Overview and Level Annotations

Branches:
Dungeon (7/15)             Temple (1/1) D:5

Altars:
Ashenzari
Cheibriados
Dithmenos
Gozag
Hepliaklqana
Kikubaaqudgha
Makhleb
Nemelex Xobeh
Okawaru
Qazlal
Ru
Sif Muna
Trog
Uskayaw
Vehumet
Wu Jian
Xom
Yredelemnul
Zin
The Shining One


Innate Abilities, Weirdness & Mutations

Your body is rotting away.
You thrive on raw meat.
You are immune to poison.
You have sharp fingernails.
You are carnivorous and can eat meat at any time.
Your flesh is cold resistant. (rC+)
You are immune to negative energy. (rN+++)
You do not regenerate when monsters are visible.
You are immune to unholy pain and torment.
You can survive without breathing.


Message History

Okay, then.
You feel better. Something hits you but does no damage.
It was a potion of degeneration.
There was something very wrong with that liquid.
You feel weakened.
You feel dopey.
You feel clumsy.
You hear some strange, mumbled words.
The orc warrior hits you from afar with a +0 halberd.
Something hits you but does no damage.
You hear some strange, mumbled words.
A magic dart appears from out of thin air!
The magic dart hits you.
* * * LOW HITPOINT WARNING * * *
As you read the scroll of teleportation, it crumbles to dust.
You feel strangely unstable.
You hear some strange, mumbled words.
A puff of frost appears from out of thin air!
The puff of frost hits you. You resist.
* * * LOW HITPOINT WARNING * * *
The orc warrior hits you from afar with a +0 halberd!!
You die...

...........####..#
#...#...........# *
#......######..#
### ..#####)##
#..###########.## *
#..#
#...........(.#.###
##)#
#..........#(......
*, #<#
##.#####.##(##.####
, #.# #.#
#.##.##.#### * #.#
#@# #.##)##.....
#.# #{#
#.##........ #.#
#o# #.########## **
* #.# #.# #.# , ..#
#.# #.# * *..# *
*#)# #.# ,........#
*, ######.## #. *


You could see an orc warrior.

Vanquished Creatures
  4 yaks (D:6)
  Duvessa (D:4)
  An ice beast (D:4)
  3 orc warriors
  A sky beast (D:6)
  2 ogres
  A centaur (D:7)
  5 bullfrogs
  Dowan (D:4)
  A wyvern skeleton (D:7)
  A scorpion (D:5)
  4 wights (D:6)
  2 crimson imps
  A centaur zombie (D:6)
  2 hounds
  A jelly (D:5)
  3 orc priests
  9 orc wizards
  2 gnoll shamans
  Ijyb (D:3)
  4 worker ants
  2 iguanas
  Robin (D:4)
  A howler monkey skeleton (D:7)
  9 gnolls
  6 adders
  A shadow imp (D:6)
  An ooze (D:3)
  An adder skeleton (D:5)
  A worm (D:3)
  3 dart slugs
  5 leopard geckos
  23 orcs
  8 bats
  4 giant cockroaches
  15 goblins
  13 hobgoblins
  4 jackals
  6 kobolds
  A ball python (D:5)
  8 frilled lizards
  2 quokka skeletons (D:4)
  A quokka zombie (D:6)
  4 rats (D:1)
170 creatures vanquished.

Notes
Turn   | Place    | Note
-------+----------+-------------------------------------------
     0 | D:1      | Borgoz the Ghoul Monk began the quest for the Orb.
     0 | D:1      | Reached XP level 1. HP: 19/19 MP: 0/0
   187 | D:1      | Reached XP level 2. HP: 25/25 MP: 1/1
   270 | D:1      | Reached XP level 3. HP: 26/30 MP: 2/2
   274 | D:1      | Reached skill level 1 in Armour
  1066 | D:2      | Found a shattered altar of Ashenzari.
  1066 | D:2      | Found an ornate altar of the Wu Jian Council.
  1080 | D:2      | Became a worshipper of Ashenzari the Shackled
  1080 | D:2      | Reached * piety under Ashenzari
  1080 | D:2      | Reached ** piety under Ashenzari
  1282 | D:2      | Reached XP level 4. HP: 40/40 MP: 3/3
  1681 | D:3      | Noticed Ijyb
  2071 | D:3      | Reached skill level 4 in Unarmed Combat
  2204 | D:3      | Killed Ijyb
  2204 | D:3      | Reached XP level 5. HP: 39/46 MP: 4/4
  2552 | D:4      | Reached XP level 6. HP: 37/52 MP: 5/5
  2592 | D:4      | HP: 1/52 [ogre/+0 giant club (29)]
  3006 | D:4      | Noticed an ice beast
  3017 | D:4      | Killed an ice beast
  3017 | D:4      | Reached skill level 5 in Unarmed Combat
  3073 | D:4      | Noticed Robin
  3089 | D:4      | Killed Robin
  3262 | D:4      | Noticed Dowan
  3264 | D:4      | Noticed Duvessa
  3292 | D:4      | Killed Duvessa
  3292 | D:4      | Reached XP level 7. HP: 25/60 MP: 6/6
  3316 | D:4      | Killed Dowan
  3722 | D:5      | Entered Level 5 of the Dungeon
  3723 | D:5      | Found a staircase to the Ecumenical Temple.
  3744 | Temple   | Entered the Ecumenical Temple
  3856 | D:5      | Reached skill level 6 in Unarmed Combat
  3861 | D:5      | Reached skill level 5 in Fighting
  3880 | D:5      | Found a bloodstained altar of Trog.
  3881 | D:5      | Identified the Papyrus of Mutagenic Venom
  4032 | D:5      | Reached XP level 8. HP: 68/68 MP: 7/7
  4040 | D:5      | Learned a level 3 spell: Mephitic Cloud
  4105 | D:5      | Found a deep blue altar of Sif Muna.
  4621 | D:6      | Reached skill level 1 in Poison Magic
  4901 | D:6      | Reached skill level 1 in Spellcasting
  4901 | D:6      | Reached skill level 1 in Conjurations
  4901 | D:6      | Reached skill level 1 in Air Magic
  5028 | D:6      | Noticed a yak
  5031 | D:6      | Noticed a yak
  5035 | D:6      | Noticed a yak
  5060 | D:6      | Noticed a yak
  5065 | D:6      | Killed a yak
  5065 | D:6      | Reached skill level 7 in Unarmed Combat
  5069 | D:6      | Killed a yak
  5069 | D:6      | Reached skill level 5 in Armour
  5073 | D:6      | Killed a yak
  5073 | D:6      | Reached XP level 9. HP: 30/75 MP: 8/10
  5243 | D:5      | Reached skill level 5 in Dodging
  6404 | D:7      | Found a sparkling altar of Nemelex Xobeh.
  6422 | D:7      | Reached skill level 8 in Unarmed Combat
  6635 | D:7      | Identified the amulet "Lurasyi" {Harm *Drain Str+4}
  6778 | D:7      | Slain by an orc warrior

Skill      XL: |  1  2  3  4  5  6  7  8  9 |
---------------+----------------------------+-----
Dodging        | 3 4 5 |  5.3
Armour         | 1 2 3 4 5 |  5.9
Unarmed Combat | 4 5 6 7 8 |  8.2
Fighting       | 4 5 6 |  6.2
Poison Magic   | 2 |  2.9
Spellcasting   | 1 2 |  2.3
Conjurations   | 1 2 |  2.3
Air Magic      | 1 2 |  2.4
Stealth        | |  2.1

Action                   |  1- 3 |  4- 6 |  7- 9 || total
-------------------------+-------+-------+-------++-------
Melee: Unarmed           |    84 |   216 |   373 ||   673
       Punch             |       |     8 |    13 ||    21
Invok: Curse Item        |     1 |       |       ||     1
Evoke: Wand              |       |       |     2 ||     2
  Use: Potion            |     5 |     5 |     6 ||    16
       Scroll            |       |     4 |     2 ||     6
 Stab: Sleeping          |     4 |     2 |     3 ||     9
       Invisible         |       |     1 |       ||     1
  Eat: Chunk             |     3 |    11 |    37 ||    51
Armor: Robe              |     6 |       |       ||     6
       Leather armour    |     3 |    51 |    74 ||   128
Dodge: Dodged            |    47 |   157 |   188 ||   392
Block: Other             |       |       |    56 ||    56
       Reflection        |       |       |     1 ||     1
